 Dungeon Crawl Stone Soup version 0.14-a0-2950-gbe29d66 (webtiles) character file.

5804 Kae the Spear-Bearer (level 10, -6/87 HPs)
             Began as a Naga Fighter on Mar 4, 2014.
             Was a Priest of Cheibriados.
             Mangled by an eight-headed hydra (10 damage)
             ... on Level 9 of the Dungeon.
             The game lasted 00:27:33 (14132 turns).

Kae the Spear-Bearer (Naga Fighter)                Turns: 14132, Time: 00:27:33

HP  -6/87        AC 10     Str 30      XL: 10   Next: 66%
MP  18/18        EV  3     Int 17      God: Cheibriados [***...]
Gold 417         SH 23     Dex 21      Spells:  0 memorised,  9 levels left

rFire  . . .     SeeInvis +     a - +1,-1 trident
rCold  . . .     Clarity  +     j - +0 orc plate armour
rNeg   . . .     Conserve .     c - +0 shield
rPois  +         rCorr    .     (no helmet)
rElec  .         rRot     .     w - +0 elf cloak (curse)
SustAb . .       Spirit   .     (no gloves)
rMut   .         Warding  .     (no barding)
Saprov . . .     Stasis   .     g - amulet of clarity
MR     +....                    (no ring)
                                A - +3 ring of dexterity

@: very slow, somewhat resistant to hostile enchantments, extremely unstealthy
A: spit poison, see invisible, deformed body, poison resistance, slowness 2, AC
+3
a: Spit Poison, Bend Time, Temporal Distortion, Renounce Religion


You were on level 9 of the Dungeon.
You worshipped Cheibriados.
Cheibriados was most pleased with you.
You were hungry.

You visited 2 branches of the dungeon, and saw 10 of its levels.
You also visited: Sewer.

You collected 417 gold pieces.

Inventory:

Hand weapons
 a - a +1,-1 trident (weapon)
Missiles
 q - 2 throwing nets (quivered)
Armour
 c - a +0 shield (worn)
 j - a +0 orcish plate armour (worn)
 w - a cursed +0 elven cloak (worn)
Comestibles
 b - 2 meat rations
 d - 7 bread rations
 f - an apple
 l - a pear
 u - 7 strawberries
 v - 6 beef jerkies
 B - 2 chunks of quokka flesh
Scrolls
 i - 6 scrolls of remove curse
 k - a scroll of enchant weapon I
 m - a scroll of brand weapon {unknown}
 n - 3 scrolls of teleportation
 o - 2 scrolls of fear
 p - 2 scrolls of enchant weapon II {unknown}
 t - a scroll of enchant armour
 y - 2 scrolls of amnesia
 z - a scroll of recharging
Jewellery
 g - an amulet of clarity (around neck)
 h - an uncursed amulet of resist mutation
 A - a +3 ring of dexterity (left hand)
Potions
 e - 7 potions of brilliance
 r - a potion of restore abilities
 s - 7 potions of curing
 x - 2 potions of heal wounds
 C - a potion of mutation


   Skills:
 * Level 4.6 Fighting
 + Level 13.3 Polearms
 * Level 3.2 Armour
 * Level 3.6 Shields
 + Level 5.0 Invocations


You had 9 spell levels left.
You didn't know any spells.

Dungeon Overview and Level Annotations

Branches:
Dungeon (9/16)             Temple (1/1) D:6            Lair (0/8) D:8
    Orc: D:9-12

Altars:
Ashenzari
Cheibriados
Dithmenos
Elyvilon
Fedhas
Kikubaaqudgha
Makhleb
Nemelex Xobeh
Okawaru
Sif Muna
Trog
Vehumet
Xom
Yredelemnul
Zin
The Shining One

Shops:
D:4 *

Annotations:
D:3 Grinder
D:4 Blork the orc


Innate Abilities, Weirdness & Mutations

You cannot wear boots.
You can spit poison.
Your serpentine skin is tough (AC +3).
You have supernaturally acute eyesight.
Armour fits poorly on your strangely shaped body.
Your system is resistant to poisons.
You cover ground very slowly.


Message History

You assume a fearsome visage.
The eight-headed hydra looks frightened!
Found a meat ration.
b - 2 meat rations (gained 1)
There are no items here.
The eight-headed hydra bites you.
* * * LOW HITPOINT WARNING * * *
You block the eight-headed hydra's attack.
The eight-headed hydra bites you!
* * * LOW HITPOINT WARNING * * *
The eight-headed hydra bites you but does no damage.
The eight-headed hydra barely misses you.
You block the eight-headed hydra's attack.
The eight-headed hydra bites you.
* * * LOW HITPOINT WARNING * * *
The eight-headed hydra bites you!
* * * LOW HITPOINT WARNING * * *
The eight-headed hydra bites you but does no damage.
The eight-headed hydra bites you!
You die...

.....# #
#....(...#.. ...##
########.....#####
..........()......
..................
#.. ........######
..# ..............
#.######..........
#..# ##D####......
#@.###.##...######
#D.##.#..#..#
#..#.#.#####..# #.
#...##.# ##...#
.........#.## ##.#
........#. #
.........#.
.....#...#
....#...# #


You could see an eight-headed hydra.

Vanquished Creatures
  Pikel (D:7)
  A troll (D:9)
  A yak (D:9)
  A wyvern (D:9)
  2 hungry ghosts
  5 phantoms
  A black bear (D:8)
  6 ogres
  A slave (D:7)
  An ice beast (D:6)
  An orc warrior (D:9)
  2 sky beasts (D:5)
  3 centaurs
  A crocodile (D:8)
  A big kobold (Sewer)
  4 giant frogs
  2 wargs (D:8)
  2 water moccasins
  An eye of draining (D:8)
  3 wights (D:7)
  2 jellies (D:6)
  An iguana (D:8)
  Crazy Yiuf (D:6)
  4 orc priests
  7 crimson imps
  5 hounds
  7 orc wizards
  2 scorpions (D:9)
  A gnoll shaman (D:5)
  8 worker ants
  An ogre skeleton (D:6)
  Ijyb (D:4)
  Terence (D:3)
  A worker ant zombie (D:6)
  14 gnolls
  18 adders
  4 green rats
  A worm zombie (D:5)
  An inept feature mimic (D:6)
  3 giant mites
  A goliath beetle zombie (D:8)
  4 worms
  2 adder skeletons (D:8)
  An adder zombie (D:6)
  2 giant eyeballs
  6 giant geckos
  2 oozes
  20 orcs
  5 ball pythons
  17 bats
  8 giant cockroaches
  13 hobgoblins
  7 quokkas
  A giant gecko skeleton (D:6)
  4 giant newts
  A giant spore (D:8)
  11 goblins
  A goblin zombie (D:5)
  11 jackals
  15 kobolds
  A kobold skeleton (D:8)
  An orc skeleton (D:9)
  An orc zombie (D:5)
  24 rats
  A rat skeleton (D:5)
  A ballistomycete (D:8)
  A fungus (D:6)
285 creatures vanquished.

Vanquished Creatures (others)
  2 rats
2 creatures vanquished.

Grand Total: 287 creatures vanquished

Notes
Turn   | Place    | Note
--------------------------------------------------------------
     0 | D:1      | Kae, the Naga Fighter, began the quest for the Orb.
     0 | D:1      | Reached XP level 1. HP: 21/21 MP: 1/1
    85 | D:1      | Reached XP level 2. HP: 22/28 MP: 2/2
   569 | D:1      | Reached XP level 3. HP: 4/34 MP: 3/3
  1392 | D:2      | Reached skill level 4 in Polearms
  1418 | D:2      | Reached XP level 4. HP: 11/42 MP: 4/4
  1886 | D:2      | Found a shattered altar of Ashenzari.
  2463 | D:3      | Reached skill level 5 in Polearms
  2463 | D:3      | Reached XP level 5. HP: 16/49 MP: 5/5
  2846 | D:3      | Noticed Terence
  2863 | D:3      | Killed Terence
  3209 | D:3      | Reached skill level 6 in Polearms
  3316 | D:3      | Reached XP level 6. HP: 56/56 MP: 6/6
  3570 | D:3      | Noticed Grinder
  3805 | D:3      | Found a shimmering altar of Xom.
  4423 | D:4      | Reached skill level 7 in Polearms
  4683 | D:4      | Reached XP level 7. HP: 50/62 MP: 7/7
  4754 | D:4      | Found Kydul's General Store.
  5047 | D:4      | Reached skill level 8 in Polearms
  5209 | D:4      | Noticed Ijyb
  5214 | D:4      | Noticed Blork the orc
  5216 | D:4      | Killed Ijyb
  5928 | D:5      | Entered Level 5 of the Dungeon
  6134 | D:5      | Reached skill level 9 in Polearms
  6134 | D:5      | Reached XP level 8. HP: 56/69 MP: 8/8
  6498 | D:5      | Paralysed by a giant eyeball for 3 turns
  6509 | D:5      | Paralysed by a giant eyeball for 3 turns
  6516 | D:5      | Paralysed by a giant eyeball for 2 turns
  7293 | D:5      | Reached skill level 10 in Polearms
  7864 | D:6      | Found a glowing drain.
  7868 | Sewer    | Entered a sewer
  7883 | Sewer    | Reached skill level 11 in Polearms
  7935 | Sewer    | Noticed yokelz's ghost (experienced DEWz)
  8465 | Sewer    | Reached XP level 9. HP: 75/75 MP: 9/9
  9216 | D:6      | Found a shimmering altar of Xom.
  9216 | D:6      | Found an ancient bone altar of Kikubaaqudgha.
  9218 | D:6      | Found a sparkling altar of Nemelex Xobeh.
  9417 | D:6      | Found a staircase to the Ecumenical Temple.
  9501 | Temple   | Entered the Ecumenical Temple
  9544 | Temple   | Became a worshipper of Cheibriados the Contemplative
  9601 | D:6      | Noticed Crazy Yiuf
  9618 | D:6      | Killed Crazy Yiuf
  9618 | D:6      | Reached skill level 12 in Polearms
 10101 | D:7      | Reached skill level 1 in Invocations
 11111 | D:7      | Noticed Pikel
 11130 | D:7      | Killed Pikel
 11130 | D:7      | Reached skill level 13 in Polearms
 11130 | D:7      | Reached XP level 10. HP: 71/84 MP: 15/17
 12123 | D:8      | Found a staircase to the Lair.
 13222 | D:9      | Acquired Cheibriados' first power
 13439 | D:9      | Noticed an eight-headed hydra
 13913 | D:9      | Reached skill level 5 in Invocations
 14132 | D:9      | HP: 4/87 [eight-headed hydra (9)]
 14132 | D:9      | Mangled by an eight-headed hydra

Action                   |  1- 3 |  4- 6 |  7- 9 | 10-12 || total
-------------------------+-------+-------+-------+-------++-------
Melee: Trident           |   153 |   367 |   835 |   309 ||  1664
Throw: Throwing net      |       |       |       |     2 ||     2
 Abil: Spit Poison       |       |       |       |     1 ||     1
  Use: Scroll            |     1 |     4 |    16 |     3 ||    24
       Potion            |       |       |     1 |     1 ||     2
